AoeStats
← Mox Gamer4567

Arena

511001868Analyzed
1v1 RM · 11h ago on Oct 3, 2026· 46m 15s· 2 players
Game mode
Random Map
Map size
Tiny (2 player)
Population
200
Speed
Normal
Resources
Standard
Victory
Conquest
Starting age
Dark Age
Ending age
Imperial Age
RankedLock teamsTeams togetherTeam positionsShared explorationLock speedFull tech treeHidden civsTurbo modeCheats
Victory
Defeat
🇪🇸 Vietnamese · Spain
334
+18
🇫🇷 Britons · France
383
-18
Mox Gamer4567
0:45 Loom
13:21 Feudal Age
14:17 Double-Bit Axe
14:47 Fletching
21:17 Forging
20:55 Horse Collar
22:49 Town Watch
22:35 Man-at-Arms
23:02 Arson
24:00 Stone Mining
24:40 Scale Mail Armor
25:31 Wheelbarrow
33:35 Castle Age
33:55 Scale Barding Armor
34:23 Bodkin Arrow
35:05 Iron Casting
35:25 Bow Saw
36:34 Chain Barding Armor
36:21 Gold Mining
37:07 Stone Shaft Mining
37:18 Heavy Plow
38:32 Padded Archer Armor
39:45 Husbandry
39:55 Bloodlines
40:15 Leather Archer Armor
44:08 Hand Cart
46:03 Thumb Ring
45:18 Crossbowman
49:08 Imperial Age
luis.dessaint03
12:46 Feudal Age
15:07 Double-Bit Axe
20:52 Stone Mining
22:47 Gold Mining
22:48 Horse Collar
22:38 Man-at-Arms
23:04 Arson
24:04 Scale Mail Armor
28:15 Forging
31:53 Fletching
37:41 Castle Age
37:53 Crossbowman
40:54 Heavy Plow
41:24 Padded Archer Armor
41:20 Bodkin Arrow
46:11 Imperial Age
44:23 Bow Saw
44:18 Pikeman
Connection lost

Rejoining the realm…

Still unreachable

The connection could not be restored.

Session expired

The server has moved on; the page needs a fresh start.